Map: Orbital Shipyard

Players

Neuro - Winner!

  • Race: Zerg Zerg

desRow

  • Race: Protoss Protoss

VOD

http://www.twitch.tv/neurostarcraft/v/3984988

Description

Time

  • Played on: April 3, 2015, 8:12 p.m.
  • Length: 8:34
Show
View Real Time Build Order
Export as new Build Order

Neuro Zerg - Winner!

Build Orders: Hatch First 

Get SALT Encoding   

  12  0:03  Drone  
  13  0:14  Overlord  
  13  0:17  Drone  
  14  0:32  Drone x2  
  16  0:37  Drone  
  17  0:54  Hatchery  
  17  0:57  Drone  
  17  1:00  Drone  
  18  1:13  Spawning Pool  
  18  1:14  Drone  
  18  1:21  Drone  
  19  1:30  Drone  
  20  1:43  Hatchery  
  20  1:46  Drone  
  20  1:57  Drone  
  21  2:05  Overlord  
  21  2:09  Queen  
  21  2:10  Queen  
  21  2:14  Zergling x2  
  21  2:15  Zergling x2  
  27  2:24  Drone x2  
  29  2:40  Drone  
  29  2:41  Drone x2  
  33  2:44  Extractor  
  33  2:45  Extractor  
  33  2:50  Queen x2  
  35  2:51  Drone  
  36  2:59  Overlord  
  36  3:00  Overlord, Roach Warren  
  35  3:14  Drone  
  35  3:18  Drone, Extractor  
  35  3:19  Drone x2, Extractor  
  35  3:32  Lair  
  35  3:33  Drone x6  
  41  3:41  Drone x3  
  44  3:57  Drone x4  
  48  4:05  Drone x2  
  48  4:06  Overlord x2  
  50  4:32  Drone x3  
  50  4:33  Nydus Network  
  50  4:34  Hydralisk Den  
  50  4:36  Queen  
  50  4:37  Queen  
  55  4:43  Roach  
  55  4:44  Roach x3  
  63  4:56  Overlord x2  
  63  5:11  Nydus Canal  
  63  5:13  Roach  
  63  5:14  Roach x7  
  79  5:15  Roach  
  79  5:19  Overlord  
  81  5:23  Overseer  
  81  5:30  Ravager  
  82  5:40  Ravager  
  81  5:56  Hydralisk  
  78  5:57  Hydralisk x5  
  87  6:04  Ravager x2  
  87  6:10  Ravager  
  80  6:34  Hydralisk x2  
  80  6:35  Hydralisk x3  
  80  6:37  Queen x2  
  87  6:53  Spine Crawler  
  83  6:54  Spine Crawler  
  83  6:55  Spine Crawler x3  
  83  6:58  Spine Crawler  
  77  7:01  Spine Crawler  
  77  7:03  Spore Crawler  
  77  7:07  Ravager  
  52  7:32  Hydralisk x4  
  60  7:41  Spine Crawler  
  60  7:43  Spine Crawler  
  56  7:49  Spine Crawler  
  56  7:50  Hydralisk  
  55  7:52  Queen  
  48  8:13  Spine Crawler  
  46  8:26  Spine Crawler  
Show
View Real Time Build Order
Export as new Build Order

desRow Protoss 

Build Orders: Oracle Opening, Oracle Opening 

Get SALT Encoding   

  12  0:12  Pylon  
  12  0:13  Probe  
  13  0:25  Probe  
  14  0:35  Gateway  
  14  0:37  Probe (Chrono Boost)  
  15  0:47  Assimilator  
  15  0:49  Probe (Chrono Boost)  
  16  0:54  Assimilator  
  16  0:58  Probe (Chrono Boost)  
  17  1:06  Probe  
  18  1:17  Pylon  
  18  1:18  Probe (Chrono Boost)  
  19  1:25  Cybernetics Core  
  19  1:30  Probe (Chrono Boost)  
  20  1:38  Probe (Chrono Boost)  
  21  1:48  Probe  
  22  2:00  Probe  
  23  2:03  Nexus  
  23  2:08  Warp Gate  
  23  2:17  Stargate  
  23  2:28  Mothership Core (Chrono Boost)  
  25  2:42  Probe (Chrono Boost)  
  25  2:47  Sentry  
  27  2:54  Probe (Chrono Boost)  
  28  3:02  Probe (Chrono Boost)  
  28  3:04  Pylon  
  29  3:12  Probe  
  30  3:16  Nexus  
  30  3:22  Oracle (Chrono Boost)  
  33  3:29  Probe  
  33  3:30  Probe (Chrono Boost)  
  35  3:40  Forge  
  35  3:47  Probe x2 (Chrono Boost)  
  37  3:54  Probe (Chrono Boost)  
  37  3:55  Probe (Chrono Boost)  
  39  4:04  Probe  
  39  4:06  Probe, Robotics Facility  
  41  4:12  Protoss Ground Weapons Level 1  
  41  4:16  Probe  
  42  4:18  Probe  
  42  4:21  Photon Cannon  
  43  4:28  Probe  
  43  4:30  Probe, Pylon  
  45  4:31  Probe  
  46  4:40  Probe, Pylon  
  46  4:42  Probe  
  46  4:44  Probe  
  49  4:52  Probe  
  50  4:54  Probe  
  50  4:56  Probe  
  50  4:58  Immortal (Chrono Boost)  
  56  5:04  Probe  
  56  5:06  Probe  
  58  5:11  Gateway, Pylon  
  58  5:12  Probe  
  58  5:14  Sentry, Gateway  
  59  5:17  Probe  
  62  5:22  Pylon  
  62  5:40  Immortal (Chrono Boost)  
  66  5:46  Stalker  
  64  6:11  Stalker  
  64  6:12  Stalker x2  
  64  6:15  Gateway  
  64  6:18  Gateway  
  72  6:20  Gateway  
  70  6:30  Robotics Facility  
  70  6:32  Photon Cannon  
  66  6:34  Zealot x2  
  66  6:35  Zealot  
  68  6:55  Stalker x2  
  52  7:27  Stalker x3  
  52  7:34  Assimilator  
  52  7:36  Assimilator  
  48  7:40  Probe x2  
  48  7:41  Probe  
  51  7:52  Probe (Chrono Boost)  
  51  7:53  Probe x2 (Chrono Boost)  
  51  7:56  Stalker x2  
  51  7:58  Zealot x3  
  61  8:01  Assimilator  
  61  8:05  Probe (Chrono Boost), Pylon  
  32  8:27  Zealot x5  
Tags
 
Add a new tag
Caveats
  • Supply blocks, unpowered buildings, or Contaminate may cause inaccurate times.
  • Supply counts are checked every 10 seconds.